 Dungeon Crawl Stone Soup version 0.21.1-1-g345015f (webtiles) character file.

81 shakethe the Chopper (level 4, -4/35 HPs)
             Began as a Demonspawn Gladiator on Feb 27, 2018.
             Killed from afar by Natasha (7 damage)
             ... with a magic dart
             ... on level 2 of the Dungeon.
             The game lasted 00:01:25 (1494 turns).

shakethe the Chopper (Demonspawn Gladiator)         Turns: 1494, Time: 00:01:26

Health: -4/35      AC:  4    Str: 14    XL:     4   Next: 20%
Magic:  4/4        EV: 13    Int: 10    God:
Gold:   5          SH:  0    Dex: 15    Spells: 3/3 levels left

rFire    . . .     SeeInvis .   a - +0 war axe
rCold    . . .     Gourm    .   (no shield)
rNeg     . . .     Faith    .   b - +0 leather armour
rPois    .         Spirit   .   c - +0 helmet
rElec    .         Reflect  .   (no cloak)
rCorr    .         Harm     .   (no gloves)
MR       .....                  (no boots)
Stlth    +.........             (no amulet)
HPRegen  0.11/turn              (no ring)
MPRegen  0.09/turn              (no ring)

@: no status effects
A: talons 1
a: no special abilities


You were on level 2 of the Dungeon.
You were not hungry.

You visited 1 branch of the dungeon, and saw 3 of its levels.

You collected 5 gold pieces.

Inventory:

Hand Weapons
 a - a +0 war axe (weapon)
Missiles
 d - 3 throwing nets {=f, !d}
 m - 63 stones (quivered)
Armour
 b - a +0 leather armour (worn)
 c - a +0 helmet (worn)
 l - a +1 pair of boots
   (You found it on level 1 of the Dungeon)
Jewellery
 h - an uncursed ring of see invisible {unknown}
   (You found it on level 1 of the Dungeon)
Scrolls
 e - 5 scrolls of identify {unknown}
 g - a scroll of teleportation {unknown}
 o - a scroll of remove curse {unknown}
Potions
 i - a potion of brilliance {unknown}
 j - a potion of flight {unknown}
 k - a potion of heal wounds {unknown}
Books
 n - a book of Cantrips
   (You found it on level 2 of the Dungeon)
Comestibles
 f - a ration


   Skills:
 + Level 3.0 Fighting
 + Level 3.4 Axes
 - Level 1.8 Throwing
 + Level 3.4 Dodging


You had 3 spell levels left.
You didn't know any spells.

Dungeon Overview and Level Annotations

Branches:
Dungeon (3/15)

Altars:

Annotations:
D:2 Natasha


Innate Abilities, Weirdness & Mutations

You have sharp toenails.


Message History

Natasha hisses angrily.
There is a stone staircase leading down here.
You can't go up here!
Natasha mumbles some strange words.
Terence barely misses you.
You climb downwards.
A worm, a giant cockroach and a hobgoblin come into view.
Found a stone staircase leading up.
There is a stone staircase leading up here.
You closely miss Terence. You claw Terence, but do no damage.
The hobgoblin shouts!
You hear an angry hiss.
Terence barely misses you.
You hit Terence but do no damage. You claw Terence, but do no damage.
Terence hits you with a flail.
You take 5 damage, and have 23/28 hp.
You completely miss Terence. You claw Terence, but do no damage.
You barely miss the hobgoblin. The hobgoblin closely misses you.
Terence completely misses you. The hobgoblin misses you.
You barely miss Terence. You hit the hobgoblin.
Terence hits you but does no damage. The hobgoblin barely misses you.
The giant cockroach barely misses you.
You slash Terence! You claw Terence. You slash the worm!
You completely miss the hobgoblin. You slash the giant cockroach!
You kill the giant cockroach!
Terence misses you. The hobgoblin misses you. The worm barely misses you.
You barely miss Terence. You claw Terence, but do no damage. You hit the worm.
You barely miss the hobgoblin. Terence hits you with a flail.
The hobgoblin hits you. The hobgoblin barely misses you.
Terence hits you but does no damage. The worm bites you but does no damage.
You take 3 damage, and have 20/28 hp.
You closely miss Terence. Your kick misses Terence. You hit the hobgoblin.
You kill the hobgoblin!
You slash the worm! Terence completely misses you.
You hit Terence but do no damage. Your kick misses Terence.
You barely miss the worm. The worm bites you. Terence hits you with a flail.
You take 9 damage, and have 11/28 hp.
MASSIVE DAMAGE!!
You hit Terence but do no damage. You claw Terence, but do no damage.
You barely miss the worm. Terence hits you but does no damage.
The worm barely misses you.
You hit Terence but do no damage. You hit the worm.
Terence says, "Did you write a will?
You should..."
Terence hits you but does no damage. The worm bites you!
* * * LOW HITPOINT WARNING * * *
You take 6 damage, and have 5/28 hp.
MASSIVE DAMAGE!!
You hit Terence.
You kill Terence!
You have reached level 4!
You feel agile.
You slash the worm!
You kill the worm!
Your Fighting skill increases to level 3!
MP restored: 4
Found a stone staircase leading up.
You see here a worm corpse.
There is a stone staircase leading up here.
You start resting.
All of the chunks of flesh in your inventory have rotted away.
You are feeling hungry.
You regained 15 hp, and now have 21/35 hp.
Things that are here:
a flail; a chain mail A ball python comes into view.
The ball python hisses angrily.
You see here a worm corpse.
You butcher the worm corpse.
You see here 3 chunks of flesh {@w0@w0}.
Eat one of 3 chunks of flesh {@w0@w0}? (ye/n/q)
You eat one of the 3 chunks of flesh {@w0@w0}.
There is a stone staircase leading up here.
You start resting.
Health restored: 35 You climb upwards.
Level annotation: Natasha Natasha wildly gestures.
You feel troubled.
There is a stone staircase leading down here.
Natasha drinks a potion.
Natasha seems to grow stronger.
Natasha casts a spell.
You barely miss Natasha. You hit the iron imp but do no damage.
Natasha misses you. The iron imp hits you.
You take 3 damage, and have 32/35 hp.
You closely miss Natasha. Your kick misses Natasha. You hit the iron imp.
Natasha closely misses you. Natasha claws you! The iron imp hits you!
You take 19 damage, and have 13/35 hp.
MASSIVE DAMAGE!!
Your leather armour prevents you from hitting Natasha.
You claw Natasha, but do no damage. You barely miss the iron imp.
Natasha barely misses you. The iron imp barely misses you.
You hit Natasha. Your kick misses Natasha. You hit the iron imp.
Natasha claws you. The iron imp closely misses you.
You take 2 damage, and have 11/35 hp.
You barely miss Natasha. You closely miss the iron imp. Natasha claws you!
* * * LOW HITPOINT WARNING * * *
The iron imp misses you. Natasha casts a spell at you. The magic dart hits you!
You die...

....................#
.............##.#...#
.............##.#.#.##
######.......##.#....#
..........#.####.########
####....!#.#..............
........>..####.........(
###.#.#..#.# #.#.#######
#...#.@#.# #.#.......#
##..#5h#.. #.#..####.#
#..#..# .. ..#......<# ..
#..# #######.#...# .# ...#
............# ....#
.######.##### .....
[............ ....##
..#####.##### #..


You could see an iron imp and Natasha.

Vanquished Creatures
  Terence (D:3)
  Natasha (D:2)
  A worm (D:3)
  A leopard gecko (D:1)
  3 giant cockroaches
  4 goblins (D:1)
  3 hobgoblins
  2 kobolds (D:1)
  6 bats
  3 frilled lizards (D:1)
  2 rats (D:1)
27 creatures vanquished.

Notes
Turn   | Place    | Note
-------+----------+-------------------------------------------
     0 | D:1      | shakethe the Demonspawn Gladiator began the quest for the Orb.
     0 | D:1      | Reached XP level 1. HP: 16/16 MP: 1/1
   181 | D:1      | Gained mutation: You have sharp toenails. [demonic ancestry]
   181 | D:1      | Reached XP level 2. HP: 22/22 MP: 2/2
   454 | D:1      | Reached skill level 3 in Axes
   588 | D:1      | Reached skill level 3 in Dodging
  1066 | D:2      | Noticed Natasha
  1083 | D:2      | Killed Natasha
  1083 | D:2      | Reached XP level 3. HP: 17/28 MP: 3/3
  1208 | D:2      | Noticed Terence
  1210 | D:2      | Noticed Natasha
  1224 | D:3      | HP: 5/28 [worm (7)]
  1225 | D:3      | Killed Terence
  1225 | D:3      | Reached XP level 4. HP: 6/34 MP: 4/4
  1225 | D:3      | Reached skill level 3 in Fighting
  1494 | D:2      | HP: 3/35 [Natasha (8)]
  1494 | D:2      | Killed from afar by Natasha

Skill      XL: |  1  2  3  4 |
---------------+-------------+-----
Axes           | 3 |  3.4
Dodging        | 3 |  3.4
Fighting       | 3 |  3.0
Throwing       | |  1.8

Action                   |  1- 3 |  4- 6 || total
-------------------------+-------+-------++-------
Melee: War axe           |    76 |     5 ||    81
       Kick              |    11 |     1 ||    12
  Eat: Chunk             |     1 |     1 ||     2
Armor: Leather armour    |    44 |       ||    44
Dodge: Dodged            |    82 |     6 ||    88

Vault maps used:
D:1:      moated_graveyard_arrival, minmay_tiny_reverse_x
D:2:      xom_redecorated, bloody_trog, lemuel_crystal_altar,
          amethyst_overflow_temple_binary, nicolae_overflow_crystal_walls,
          first_ration, minmay_misc_feat_columns, minmay_item_behind_shaft,
          uniq_terence, uniq_natasha
D:3:      lemuel_castle_with_subvaults, lemuel_doored_altar,
          overflow_temple_1_default, lemuel_flame_loot_1

Table legend:
 A = Turns spent in this place as a percentage of turns spent in the entire game.
 B = Non-inter-level travel turns spent in this place as a percentage of non-inter-level travel turns spent in the entire game.
 C = Inter-level travel turns spent in this place as a percentage of turns spent in this place.
 D = Turns resting spent in this place as a percentage of non-inter-level travel turns spent in this place.
 E = Turns spent auto-exploring this place as a percentage of non-inter-level travel turns spent in this place.
 F = Non-inter-level travel turns spent in this place divided by the number of levels of this place that you've seen.
                   A       B       C       D       E      F
               +-------+-------+-------+-------+-------+----------------------
         Total | 100.0 | 100.0 |   3.6 |  30.3 |  55.2 | 480.0
       Dungeon | 100.0 | 100.0 |   3.6 |  30.3 |  55.2 | 480.0
               +-------+-------+-------+-------+-------+----------------------

Table legend:
 A = Kills in this place as a percentage of kills in entire the game.
 B = Kills by you in this place as a percentage of kills by you in the entire game.
 C = Kills by friends in this place as a percentage of kills by friends in the entire game.
 D = Other kills in this place as a percentage of other kills in the entire game.
 E = Experience gained in this place as a percentage of experience gained in the entire game.
 F = Experience gained in this place divided by the number of levels of this place that you have seen.
                   A       B       C       D       E      F
               +-------+-------+-------+-------+-------+----------------------
         Total | 100.0 | 100.0 |   N/A |   N/A | 100.0 |  39.0
       Dungeon | 100.0 | 100.0 |   N/A |   N/A | 100.0 |  39.0
               +-------+-------+-------+-------+-------+----------------------
